 Dungeon Crawl Stone Soup version 0.31-a0-765-g67fe2935dc (webtiles) character file.

Game seed: 15153325025047210312

105 AleXD21137 the Ruffian (level 4, -5/40 HPs)
             Began as a Ghoul Monk on May 18, 2023.
             Slain by Grinder (10 damage)
             ... while paralysed by Grinder
             ... on level 3 of the Dungeon on Sept 15, 2023.
             The game lasted 00:15:10 (2296 turns).

AleXD21137 the Ruffian (Ghoul Monk)                 Turns: 2296, Time: 00:15:11

Health: -5/40      AC:  2    Str: 14    XL:     4   Next: 83%
Magic:  3/3        EV:  2    Int:  7    God:
Gold:   59         SH:  0    Dex: 11    Spells: 3/3 levels left

rFire   + .          .
                       - Unarmed
rCold   . . .        c - orb {light}
rNeg    + + +        a - +0 robe
rPois   ∞            (no helmet)
rElec   .            (no cloak)
rCorr   .            (no gloves)
SInv    .            (no boots)
Will    .....        (no amulet)
Stlth   +            r - ring of fire
HPRegen 0.00/turn    (no ring)
MPRegen 0.08/turn

%: no passive effects
@: paralysed, inhibited regen, glowing
A: claws 1, cold resistance 1, negative energy resistance 3, inhibited
regeneration, torment resistance 2, devour on kill
a: no special abilities


You were on level 3 of the Dungeon.
You visited 1 branch of the dungeon, and saw 3 of its levels.

You collected 59 gold pieces.

Inventory:

Armour
 a - a +0 robe (worn)
 c - an orb of light (worn)
Jewellery
 r - a ring of fire (left claw)
Wands
 m - a wand of flame (3)
Scrolls
 e - a scroll of revelation {unknown}
 f - a scroll of immolation {unknown}
 g - a scroll of fear
 j - a scroll of vulnerability {unknown}
 q - a scroll of identify {unknown}
 s - a scroll of amnesia {unknown}
Potions
 b - a potion of ambrosia
 d - a potion of heal wounds
 h - a potion of might {unknown}
 i - a potion of degeneration {unknown}
 k - a potion of brilliance {unknown}
 l - 4 potions of curing {unknown}
 n - a potion of enlightenment {unknown}
 o - a potion of mutation {unknown}
 p - a potion of attraction {unknown}


   Skills:
 + Level 3.9 Fighting
 + Level 3.3 Dodging
 + Level 0.3 Stealth
 + Level 4.8 Unarmed Combat


You had 3 spell levels left.
You didn't know any spells.
Your spell library contained the following spells:

 Spells                   Type           Power      Damage    Failure   Level
 Apportation              Tloc           0%         N/A       43%         1
 Sandblast                Erth           0%         2d4       43%         1
 Passwall                 Tmut/Erth      0%         N/A       56%         2
 Stone Arrow              Conj/Erth      0%         3d7       80%         3
 Alistair's Intoxication  Tmut/Pois      0%         N/A       100%        5


Dungeon Overview and Level Annotations

Branches:
Dungeon (3/15)

Altars:
Vehumet

Shops:
D:1 *

Annotations:
D:3 Grinder


Innate Abilities, Weirdness & Mutations

You are immune to poison.
You have sharp fingernails.
Your flesh is cold resistant. (rC+)
You are immune to negative energy. (rN+++)
You do not regenerate when monsters are visible.
You are immune to unholy pain and torment.
You thrive by killing the living.


Message History

You scratch Grinder but do no damage. Grinder barely misses you.
You barely miss Grinder. Grinder hits you!
You scratch Grinder.
Grinder is lightly wounded.
Grinder closely misses you.
You claw Grinder!
Grinder is moderately wounded.
Grinder gestures at you. You resist with significant effort.
You scratch Grinder but do no damage.
Grinder is moderately wounded.
Grinder blinks!
Grinder blinks!
Grinder misses you. Grinder hits you.
There is a stone staircase leading down here.
You scratch Grinder but do no damage.
Grinder is moderately wounded.
Grinder hits you.
You scratch Grinder but do no damage.
Grinder is moderately wounded.
Grinder hits you!
You scratch Grinder.
Grinder is moderately wounded.
Grinder hits you!
* * * LOW HITPOINT WARNING * * *
You scratch Grinder.
Grinder is moderately wounded.
You completely miss Grinder.
Grinder is moderately wounded.
Grinder blinks!
Grinder gestures at you.
You suddenly lose the ability to move!
Grinder hits you.
* * * LOW HITPOINT WARNING * * *
Grinder gestures at you.
You shrug off the repeated paralysis!
Grinder hits you!
You die...
Grinder says, "Now the real fun starts!"

######## #......# +......# ##..
#......### ... +..>...'.# #.# #
#### #.5....#.# #.# .#. ..#
#..@...#.# ..##.. #.# #....###.#
##>.# ... #....# #.# ##..#####.#
#....# #.# ..##...<#.# ##..## #.#
##### #.##.#.##.#####..####.#
#...# #..................##.#
###.#.###
###....###.........##.###.......#
###### #.........##...#.#.#.#.#


You could see Grinder.

Vanquished Creatures
  3 gnolls (D:2)
  2 adders
  A dart slug (D:1)
  An orc (D:3)
  5 endoplasms
  3 giant cockroaches
  3 goblins
  4 hobgoblins
  3 jackals (D:2)
  A quokka (D:2)
  4 ball pythons
  8 bats
  5 frilled lizards
  8 kobolds
  2 rats (D:1)
53 creatures vanquished.

Notes
Turn   | Place    | Note
-------+----------+-------------------------------------------
     0 | D:1      | AleXD21137 the Ghoul Monk began the quest for the Orb.
     0 | D:1      | Reached XP level 1. HP: 19/19 MP: 0/0
   123 | D:1      | Reached XP level 2. HP: 26/26 MP: 1/1
   515 | D:1      | Reached XP level 3. HP: 28/33 MP: 2/2
   602 | D:1      | Found Porotyci's Assorted Antiques.
   871 | D:2      | Reached skill level 4 in Unarmed Combat
  1089 | D:2      | Reached XP level 4. HP: 18/40 MP: 3/3
  1840 | D:3      | Found a radiant altar of Vehumet.
  2015 | D:3      | Upgraded the game from 0.31-a0-43-g46d131a48f to
                  | 0.31-a0-66-ge618eeaa78
  2015 | D:3      | Upgraded the game from 0.31-a0-66-ge618eeaa78 to
                  | 0.31-a0-564-g3b7de120b3
  2222 | D:3      | Upgraded the game from 0.31-a0-564-g3b7de120b3 to
                  | 0.31-a0-765-g67fe2935dc
  2264 | D:3      | Noticed Grinder
  2264 | D:3      | Paralysed by Grinder for 2 turns
  2293 | D:3      | Paralysed by Grinder for 5 turns
  2296 | D:3      | Slain by Grinder

Illustrated notes

Levels and vault maps discovered:
D:1:      dpeg_arrival_arbitrary_b, layout_basic, serial_shops, shop
D:2:      layout_loops_ring
D:3:      layout_basic, overflow_temple_1_default, st_stairs_7, uniq_grinder

Skill      XL: |  1  2  3 |
---------------+----------+-----
Dodging        | 3 |  3.3
Unarmed Combat | 4 |  4.8
Fighting       | |  3.9
Stealth        | |  0.3

Action                     |  1- 3 |  4- 6 || total
---------------------------+-------+-------++-------
  Melee: Unarmed           |    84 |    59 ||   143
    Use: Potion            |     1 |     1 ||     2
         Scroll            |       |     1 ||     1
 Armour: Robe              |    17 |    79 ||    96
  Dodge: Dodged            |    65 |   182 ||   247

Table legend: (Time is in decaauts)
 A = Elapsed time spent in this place.
 B = Non-inter-level travel time spent in this place.
 C = Inter-level travel time spent in this place.
 D = Time resting spent in this place.
 E = Time spent auto-exploring this place.
 F = Levels seen in this place.
 G = Mean time per level.
                   A        B        C        D        E       F      G
               +--------+--------+--------+--------+--------+-----+--------+
         Total |   2273 |   2233 |     40 |      0 |   1142 |   3 |  757.7 |
       Dungeon |   2273 |   2233 |     40 |      0 |   1142 |   3 |  757.7 |
               +--------+--------+--------+--------+--------+-----+--------+

Top non-repeatable levels by time:
     D:2: 905 daAuts
     D:1: 736 daAuts
     D:3: 630 daAuts
